 Dungeon Crawl Stone Soup version 0.21.1-1-g345015fe64 (webtiles) character file.

326 Ivernyr the Skirmisher (level 6, -8/33 HPs)
             Began as a Vine Stalker Monk on June 10, 2018.
             Mangled by an ogre
             ... wielding a +0 giant club
              (17 damage)
             ... on level 4 of the Dungeon.
             The game lasted 00:09:25 (2750 turns).

Ivernyr the Skirmisher (Vine Stalker Monk)          Turns: 2750, Time: 00:09:26

Health: -8/33      AC:  8    Str: 14    XL:     6   Next: 49%
Magic:  0/7        EV:  7    Int: 10    God:
Gold:   167        SH:  0    Dex: 18    Spells: 5/5 levels left

rFire    . . .     SeeInvis .   a - +0 falchion
rCold    . . .     Gourm    .   (no shield)
rNeg     . . .     Faith    .   b - +0 chain mail
rPois    .         Spirit   +   (no helmet)
rElec    .         Reflect  .   (no cloak)
rCorr    .         Harm     .   (no gloves)
MR       .....                  (no boots)
Stlth    ..........             (no amulet)
HPRegen  0.51/turn              (no ring)
MPRegen  0.10/turn              (no ring)

@: no status effects
A: fangs 2, regeneration 1, magic shield, antimagic bite, no potion heal 3, rot
immunity
a: no special abilities


You were on level 4 of the Dungeon.
You were not hungry.

You visited 1 branch of the dungeon, and saw 4 of its levels.

You collected 167 gold pieces.

Inventory:

Hand Weapons
 a - a +0 falchion (weapon)
Missiles
 m - 12 poisoned needles
Armour
 b - a +0 chain mail (worn)
Wands
 p - a wand of paralysis (13)
Scrolls
 d - 2 scrolls of teleportation {unknown}
 e - a scroll of noise {unknown}
 f - 2 scrolls of amnesia {unknown}
 h - 2 scrolls of remove curse {unknown}
 j - 3 scrolls of identify {unknown}
Potions
 g - 2 potions of flight {unknown}
 i - a potion of mutation {unknown}
 k - 5 potions of curing {unknown}
 l - 4 potions of haste
 o - a potion of might {unknown}
Comestibles
 c - 8 rations


   Skills:
 + Level 3.7 Fighting
 + Level 3.6 Long Blades
 * Level 3.4 Throwing
 + Level 2.0 Armour
 - Level 2.4 Dodging
 - Level 2.4 Stealth


You had 5 spell levels left.
You didn't know any spells.

Dungeon Overview and Level Annotations

Branches:
Dungeon (4/15)             Temple (0/1) D:4

Altars:
Fedhas
Kikubaaqudgha

Annotations:
D:4 Ivernyr's ghost, amateur VSMo


Innate Abilities, Weirdness & Mutations

You have extremely sharp teeth.
Your natural rate of healing is unusually fast.
When hurt, damage is shared between your health and your magic reserves.
Your bite disrupts and absorbs the magic of your enemies.
Potions cannot restore your health.
You are immune to rotting.


Message History

The ogre is severely wounded.
The ogre hits you with a giant club!
* * * LOW HITPOINT WARNING * * *
You see here a mace.
Ivernyr's ghost turns its malevolent gaze towards you.
The ogre barely misses you.
You hit the ogre but do no damage.
The ogre is severely wounded.
The ogre closely misses you.
You hit the ogre. You bite the ogre. You drain its power.
You feel invigorated.
The ogre is almost dead.
The ogre hits you with a giant club!!
Ouch! That really hurt!
* * * LOW HITPOINT WARNING * * *
You hit the ogre.
The ogre is almost dead.
There is a stone staircase leading up here.
The ogre hits you with a giant club!!
Ouch! That really hurt!
You die...

#########
###.......#
....#####.#
.#....#########
#.####⌠.⌠####.#
.# ###'### ###
###.### #.#
######## #.#
####
#######...)...


You could see an ogre and Ivernyr's ghost.

Vanquished Creatures
  A bullfrog skeleton (D:4)
  An iguana (D:4)
  Natasha (thrice) (D:3)
  2 worker ants (D:4)
  6 adders
  2 worms (D:3)
  2 dart slugs
  3 leopard geckos
  2 orcs (D:4)
  9 bats
  7 giant cockroaches
  8 goblins
  4 hobgoblins
  10 jackals
  9 kobolds
  A quokka (D:4)
  A ball python (D:1)
  4 frilled lizards
  3 rats
78 creatures vanquished.

Notes
Turn   | Place    | Note
-------+----------+-------------------------------------------
     0 | D:1      | Ivernyr the Vine Stalker Monk began the quest for the Orb.
     0 | D:1      | Reached XP level 1. HP: 11/11 MP: 2/2
   152 | D:1      | Reached XP level 2. HP: 9/16 MP: 3/3
   176 | D:1      | Reached skill level 1 in Throwing
   375 | D:1      | Reached XP level 3. HP: 7/19 MP: 1/4
  1108 | D:2      | Reached skill level 1 in Armour
  1108 | D:2      | Gained mutation: Your natural rate of healing is unusually fast. [Vine Stalker growth]
  1108 | D:2      | Reached XP level 4. HP: 14/24 MP: 3/5
  1675 | D:3      | Found a blossoming altar of Fedhas.
  1738 | D:3      | Found an ancient bone altar of Kikubaaqudgha.
  1754 | D:3      | Noticed Natasha
  1760 | D:3      | Killed Natasha
  1760 | D:3      | Reached XP level 5. HP: 20/28 MP: 6/6
  1909 | D:3      | Noticed Natasha
  1916 | D:3      | Killed Natasha
  1955 | D:3      | Noticed Natasha
  1963 | D:3      | Killed Natasha
  2252 | D:4      | Reached XP level 6. HP: 23/32 MP: 4/7
  2355 | D:4      | Found a staircase to the Ecumenical Temple.
  2389 | D:4      | Noticed Ivernyr's ghost (amateur VSMo)
  2750 | D:4      | Mangled by an ogre

Skill      XL: |  1  2  3  4  5  6 |
---------------+-------------------+-----
Throwing       | 1 2 3 |  3.4
Fighting       | 3 |  3.7
Long Blades    | 3 |  3.6
Armour         | 1 2 |  2.0
Dodging        | |  2.4
Stealth        | |  2.4

Action                   |  1- 3 |  4- 6 || total
-------------------------+-------+-------++-------
Melee: Falchion          |    84 |   160 ||   244
       Bite              |    21 |    70 ||    91
 Stab: Sleeping          |     3 |     8 ||    11
       Distracted        |       |     1 ||     1
  Eat: Chunk             |       |     6 ||     6
Armor: Robe              |    16 |    19 ||    35
       Chain mail        |       |     1 ||     1
Dodge: Dodged            |    70 |    94 ||   164
       Rpst.: Falchion   |    18 |    28 ||    46
